 Dungeon Crawl Stone Soup version 0.25-a0-346-g140ab784a8 (webtiles) character file.

Game seed: 6314958559167052944, levelgen mode: deterministic

114 BritishOli the Ducker (level 4, 0/35 HPs)
             Began as a Demonspawn Gladiator on Dec 31, 2019.
             Killed by divine providence
             ... invoked by an orc priest
              (10 damage)
             ... on level 3 of the Dungeon.
             The game lasted 00:01:44 (1844 turns).

BritishOli the Ducker (Demonspawn Gladiator)        Turns: 1844, Time: 00:01:44

Health: 0/35       AC:  4    Str: 15    XL:     4   Next: 67%
Magic:  0/4        EV: 13    Int:  9    God:
Gold:   125        SH:  0    Dex: 15    Spells: 3/3 levels left

rFire    . . .     SeeInvis .   a - +0 long sword
rCold    . . .     Gourm    .   (no shield)
rNeg     . . .     Faith    .   b - +0 leather armour
rPois    .         Spirit   +   c - +0 helmet
rElec    .         Reflect  .   (no cloak)
rCorr    .         Harm     .   (no gloves)
MR       .....                  (no boots)
Stlth    +.........             (no amulet)
HPRegen  0.11/turn              (no ring)
MPRegen  0.09/turn              (no ring)

@: slowed, very slow
A: claws 1, magic shield
a: no special abilities


You were on level 3 of the Dungeon.
You were not hungry.

You visited 1 branch of the dungeon, and saw 3 of its levels.

You collected 125 gold pieces.

Inventory:

Hand Weapons
 a - a +0 long sword (weapon)
Missiles
 d - 4 throwing nets (quivered)
Armour
 b - a +0 leather armour (worn)
 c - a +0 helmet (worn)
Jewellery
 q - a +5 ring of dexterity {unknown}
Wands
 k - a wand of enslavement (4)
Scrolls
 e - 2 scrolls of identify {unknown}
 i - 4 scrolls of remove curse {unknown}
 l - a scroll of fog {unknown}
 p - a scroll of magic mapping {unknown}
Potions
 g - 2 potions of degeneration {unknown}
 h - a potion of berserk rage {unknown}
 j - a potion of lignification {unknown}
 m - 4 potions of curing {unknown}
 n - a potion of flight {unknown}
 o - a potion of brilliance {unknown}
Comestibles
 f - 7 rations
 r - a chunk of flesh


   Skills:
 + Level 3.2 Fighting
 + Level 3.5 Long Blades
 - Level 2.0 Throwing
 + Level 3.5 Dodging


You had 3 spell levels left.
You didn't know any spells.
Your spell library contained the following spells:

 Spells                   Type           Power        Failure   Level  Hunger
 Animate Skeleton         Necr           N/A          45%         1    ##.....
 Apportation              Tloc           #.....       45%         1    ##.....
 Confusing Touch          Hex            #.....       45%         1    ##.....
 Summon Small Mammal      Summ           #...         45%         1    ##.....


Dungeon Overview and Level Annotations

Branches:
Dungeon (3/15)

Altars:
Kikubaaqudgha


Innate Abilities, Weirdness & Mutations

You have sharp fingernails.
When hurt, damage is shared between your health and your magic reserves.


Message History

The orc wizard casts a spell.
The orc wizard blinks!
The adder closely misses you.
You hear the rusting of a drain nearby.
The adder barely misses you. The adder bites you. The adder closely misses you.
A hound comes into view.
The adder barely misses you. The adder closely misses you.
You riposte.
You completely miss the adder. The adder closely misses you.
The orc wizard mumbles some strange words.
The orc wizard blinks!
The adder bites you.
* * * LOW HITPOINT WARNING * * *
The hound barks!
The orc wizard casts a spell.
The orc wizard blinks!
The adder barely misses you. The orc wizard closely misses you.
The orc priest mumbles some strange prayers to Beogh against you.
Beogh smites you!
You die...

#.o........# .#..
ro.o..S.##S......#
.......#
..r.#########.####
....)... .. #§r.#
.......# #...# .#..[#
#oh.#####......
#o.......# ###
##.#####SS.####.# ..#
.......@o.......## #.#
#..###...........####.#
##...........##..#.
##...####.........
#..........##.##.
#...#########.### #...#
#.... ...# #####


You could see a hound, an orc priest, an orc wizard, 2 adders, an orc and a rat.

Vanquished Creatures
  Terence (D:3)
  3 adders (D:2)
  2 oozes (D:1)
  2 worms
  2 dart slugs (D:1)
  2 leopard geckos (D:1)
  4 bats
  2 giant cockroaches (D:1)
  6 jackals (D:1)
  6 kobolds
  3 frilled lizards
  6 goblins
  2 rats (D:1)
41 creatures vanquished.

Vanquished Creatures (others)
  A human (D:3)
1 creature vanquished.

Grand Total: 42 creatures vanquished

Notes
Turn   | Place    | Note
-------+----------+-------------------------------------------
     0 | D:1      | BritishOli the Demonspawn Gladiator began the quest for the
                  | Orb.
     0 | D:1      | Reached XP level 1. HP: 16/16 MP: 1/1
    93 | D:1      | Gained mutation: When hurt, damage is shared between your
                  | health and your magic reserves. [demonic ancestry]
    93 | D:1      | Reached XP level 2. HP: 13/22 MP: 2/2
   541 | D:1      | Reached XP level 3. HP: 23/28 MP: 3/3
  1078 | D:2      | Gained mutation: You have sharp fingernails. [demonic
                  | ancestry]
  1078 | D:2      | Reached XP level 4. HP: 12/34 MP: 1/4
  1666 | D:3      | Found an ancient bone altar of Kikubaaqudgha.
  1667 | D:3      | Noticed a human
  1670 | D:3      | Killed a human
  1718 | D:3      | Noticed Terence
  1735 | D:3      | Killed Terence
  1844 | D:3      | Killed from afar by an orc priest

Levels and vault maps discovered:
D:1:      elethiomel_arrival_maze, layout_basic
D:2:      layout_rooms
D:3:      layout_loops_cross, gup_sewer_entry_bubbles, tgw_kikubaaqudgha,
          uniq_terence, uniq_ijyb

Skill      XL: |  1  2  3  4 |
---------------+-------------+-----
Throwing       | 2 |  2.0
Dodging        | 3 |  3.5
Long Blades    | 3 |  3.5
Fighting       | 3 |  3.2

Action                   |  1- 3 |  4- 6 || total
-------------------------+-------+-------++-------
Melee: Long sword        |    99 |    25 ||   124
 Stab: Sleeping          |     1 |     1 ||     2
  Eat: Chunk             |       |     3 ||     3
Armor: Leather armour    |    21 |     6 ||    27
Dodge: Dodged            |    85 |    25 ||   110
       Rpst.: Long sword |    33 |    10 ||    43

Table legend:
 A = Non-vault XP
 B = Vault XP
 C = Vault XP percentage of total XP
 D = Non-vault monster count
 E = Vault monster count
 F = Vault count percentage of total count
                 A         B        C        D         E       F
            +---------+---------+-------+---------+---------+-------
      Total |     126 |      38 |  23.2 |      40 |       1 |   2.4
            +---------+---------+-------+---------+---------+-------
        D:1 |      64 |       0 |   0.0 |      27 |       0 |   0.0
        D:2 |      56 |       0 |   0.0 |      11 |       0 |   0.0
        D:3 |       6 |      38 |  86.4 |       2 |       1 |  33.3
            +---------+---------+-------+---------+---------+-------
